 Dungeon Crawl Stone Soup version 0.31-a0-876-gfe8ebadbca (webtiles) character file.

Game seed: 10376010072670055777

7 kae the Vexing (level 1, 0/13 HPs)
             Began as a Demonspawn Enchanter on Oct 13, 2023.
             Frozen to death by an endoplasm (5 damage)
             ... on level 1 of the Dungeon.
             The game lasted 00:00:20 (214 turns).

kae the Vexing (Demonspawn Enchanter)                Turns: 214, Time: 00:00:20

Health: 0/13       AC:  2    Str:  8    XL:     1   Next: 91%
Magic:  3/3        EV: 12    Int: 16    God:
Gold:   19         SH:  0    Dex: 13    Spells: 4/4 levels left

rFire   . . .        a - +1 dagger
rCold   . . .        (no shield)
rNeg    . . .        b - +0 robe
rPois   .            (no helmet)
rElec   .            (no cloak)
rCorr   .            (no gloves)
SInv    .            (no boots)
Will    .....        (no amulet)
Stlth   ++           (no ring)
HPRegen 0.22/turn    (no ring)
MPRegen 0.08/turn

%: no passive effects
@: no status effects
A: no striking features
a: no special abilities


You were on level 1 of the Dungeon.
You visited 1 branch of the dungeon, and saw 1 of its levels.

You collected 19 gold pieces.


   Skills:
 + Level 0.2 Fighting
 * Level 1.2 Short Blades
 + Level 1.8 Dodging
 + Level 2.7 Stealth
 + Level 2.0 Spellcasting
 * Level 3.1 Hexes


You had 4 spell levels left.
You didn't know any spells.
Your spell library contained the following spells:

 Spells                   Type           Power      Damage    Failure   Level
 Ensorcelled Hibernation  Hex/Ice        12%        N/A       16%         2
 Confusing Touch          Hex            11%        N/A       17%         3
 Tukima's Dance           Hex            11%        N/A       17%         3
 Magic Dart               Conj           4%         1d3       21%         1
 Call Imp                 Summ           2%         N/A       30%         2
 Dazzling Flash           Conj/Hex       12%        N/A       32%         3
 Mephitic Cloud           Conj/Pois/Air  1%         N/A       52%         3

Inventory:

Hand Weapons
 a - a +1 dagger (weapon)
Armour
 b - a +0 robe (worn)
Scrolls
 d - a scroll of amnesia {unknown}
 e - a scroll of fear {unknown}
Potions
 c - 2 potions of invisibility

Dungeon Overview and Level Annotations

Branches:
Dungeon (1/15) Zot: 5785

Altars:

.....#######.#
#.........##'######
..................#
..................#
........).........#
........#..[......#
........#.........#
.......g#.........#
##.....@......#####
#....bJ......#
#............#
#............#
####+######+##


You could see an endoplasm, a hobgoblin and a bat.


Message History

You hit the jackal.
The jackal bites you but does no damage. 😨 HP[+1]
You hit the jackal.
You kill the jackal!
The jackal closely misses you.
You barely miss the jackal. The jackal bites you.
* * * LOW HITPOINT WARNING * * *
😱 HP[-2]
You take 2 damage, and now have 3/13 hp.
You hit the jackal. The jackal barely misses you.
You hit the jackal. The jackal misses you.
The jackal bites you but does no damage.
You hit the jackal but do no damage.
The jackal bites you but does no damage. 😨 HP[+1]
You barely miss the jackal. The jackal bites you.
* * * LOW HITPOINT WARNING * * *
The jackal bites you but does no damage. 😱 HP[-2]
You take 2 damage, and now have 2/13 hp.
You hit the jackal. You punch the jackal, but do no damage.
The jackal barely misses you.
You barely miss the jackal. The jackal barely misses you.
You hit the jackal.
You kill the jackal! 😱 HP[+1]
Things that are here:
a jackal corpse; a bat corpse You start resting.
An endoplasm is nearby! 😮 HP[+5]
You regained 5 hp, and now have 8/13 hp.
An endoplasm is nearby!
You are too injured to fight recklessly!
You are too injured to fight recklessly!
You are too injured to fight recklessly!
You are too injured to fight recklessly!
You are too injured to fight recklessly!
You are too injured to fight recklessly!
You close the door.
Okay, then.
You start resting. 😕 HP[+3]
You regained 3 hp, and now have 11/13 hp.
You start resting. 😎 HP[+2]
Your hp is fully restored (13).
You open the door.
A bat comes into view.
There is an open door here.
No target in view!
No target in view!
No target in view!
No target in view!
No target in view!
No target in view!
No target in view!
No target in view!
No target in view!
No target in view!
No target in view!
No target in view!
A hobgoblin comes into view.
Things that are here:
a +0 club; a bat corpse The hobgoblin shouts!
The bat hits you. The bat barely misses you. 😕 HP[-1]
You take 1 damage, and now have 12/13 hp.
You closely miss the bat.
The endoplasm quivers.
The bat hits you but does no damage.
The endoplasm completely misses you. 😎 HP[+1]
Your hp is fully restored (13).
You hit the endoplasm. The bat hits you but does no damage.
The endoplasm hits you but does no damage.
You hit the endoplasm. The bat barely misses you. The endoplasm freezes you.
You are frozen. 😮 HP[-4]
You take 4 damage, and now have 9/13 hp.
MASSIVE DAMAGE!! (PAUSE)
You barely miss the endoplasm. The bat hits you.
The endoplasm closely misses you. 😮 HP[-1]
You take 1 damage, and now have 8/13 hp.
Unknown command.
You hit the endoplasm but do no damage. The bat hits you but does no damage.
The endoplasm freezes you.
You are frozen.
* * * LOW HITPOINT WARNING * * *
😨 HP[-3]
You take 3 damage, and now have 5/13 hp.
MASSIVE DAMAGE!! (PAUSE)
You hit the endoplasm but do no damage. The endoplasm freezes you.
You are frozen.
You die...

Skill      XL: |  1 |
---------------+----+-----
Short Blades   | 1 |  1.2
Fighting       | |  0.2
Dodging        | |  1.8
Stealth        | |  2.7
Spellcasting   | |  2.0
Hexes          | |  3.1

Action                     || total
---------------------------++-------
  Melee: Dagger            ||    38
         Punch             ||     1
   Stab: Sleeping          ||     1
 Armour: Robe              ||    27
  Dodge: Dodged            ||    31

Levels and vault maps discovered:
D:1:      psy_arrival_conway, layout_basic

Notes
Turn   | Place    | Note
-------+----------+-------------------------------------------
     0 | D:1      | kae the Demonspawn Enchanter began the quest for the Orb.
     0 | D:1      | Reached XP level 1. HP: 13/13 MP: 3/3
     0 | D:1      | magus.rc [v1.11.3]
    29 | D:1      | You pick up a book of Minor Magic and begin reading...
    29 | D:1      | You add the spells Magic Dart, Call Imp and Mephitic Cloud
                  | to your library.
   114 | D:1      | Reached skill level 1 in Short Blades
   121 | D:1      | HP: 3/13 [quokka (2)]
   142 | D:1      | HP: 3/13 [jackal (2)]
   214 | D:1      | Frozen to death by an endoplasm

Vanquished Creatures
  2 bats (D:1)
  A goblin (D:1)
  2 jackals (D:1)
  A quokka (D:1)
6 creatures vanquished.

Table legend:
 A = Non-vault XP
 B = Vault XP
 C = Vault XP percentage of total XP
 D = Non-vault monster count
 E = Vault monster count
 F = Vault count percentage of total count
                 A         B        C        D         E       F
            +---------+---------+-------+---------+---------+-------
      Total |      11 |       0 |   0.0 |       6 |       0 |   0.0
            +---------+---------+-------+---------+---------+-------
        D:1 |      11 |       0 |   0.0 |       6 |       0 |   0.0
            +---------+---------+-------+---------+---------+-------

Skill      XL: |  1 |
---------------+----+-----
Short Blades   | 1 |  1.2
Fighting       | |  0.2
Dodging        | |  1.8
Stealth        | |  2.7
Spellcasting   | |  2.0
Hexes          | |  3.1

Action                     || total
---------------------------++-------
  Melee: Dagger            ||    38
         Punch             ||     1
   Stab: Sleeping          ||     1
 Armour: Robe              ||    27
  Dodge: Dodged            ||    31

Illustrated notes

Table legend:
 A = Kills in this place as a percentage of kills in the entire game.
 B = Kills by you in this place as a percentage of kills by you in the entire game.
 C = Kills by friends in this place as a percentage of kills by friends in the entire game.
 D = Other kills in this place as a percentage of other kills in the entire game.
 E = Experience gained in this place as a percentage of experience gained in the entire game.
 F = Experience gained in this place divided by the number of levels of this place that you have seen.
                   A       B       C       D       E      F
               +-------+-------+-------+-------+-------+----------------------
         Total | 100.0 | 100.0 |   N/A |   N/A | 100.0 |  11.0
       Dungeon | 100.0 | 100.0 |   N/A |   N/A | 100.0 |  11.0
               +-------+-------+-------+-------+-------+----------------------

Table legend: (Time is in decaauts)
 A = Elapsed time spent in this place.
 B = Non-inter-level travel time spent in this place.
 C = Inter-level travel time spent in this place.
 D = Time resting spent in this place.
 E = Time spent auto-exploring this place.
 F = Levels seen in this place.
 G = Mean time per level.
                   A        B        C        D        E       F      G
               +--------+--------+--------+--------+--------+-----+--------+
         Total |    213 |    213 |      0 |     44 |    104 |   1 |  213.0 |
       Dungeon |    213 |    213 |      0 |     44 |    104 |   1 |  213.0 |
               +--------+--------+--------+--------+--------+-----+--------+

Top non-repeatable levels by time:
     D:1: 213 daAuts
